AoeStats
← ALG1S

Arena

509938635Analyzed
3v3 RM · 3d ago on Sep 28, 2026· 71m 48s· 6 players
Game mode
Random Map
Map size
Normal (6 player)
Population
200
Speed
Normal
Resources
Standard
Victory
Conquest
Starting age
Dark Age
Ending age
Imperial Age
RankedLock teamsTeams togetherTeam positionsShared explorationLock speedFull tech treeHidden civsTurbo modeCheats
Victory
Defeat
🇩🇪 Burmese · Germany
1236
+15
🇩🇪 Vietnamese · Germany
1172
+18
🇹🇷 Maya · Türkiye
1155
+18
🇵🇱 Malians · Poland
1226
-18
🇵🇱 Varangians · Poland
1215
-17
🇵🇱 Saxons · Poland
1193
-16
kswistek
12:09 Feudal Age
16:39 Castle Age
14:31 Double-Bit Axe
14:30 Horse Collar
21:19 Wheelbarrow
27:14 Husbandry
27:25 Bloodlines
26:35 Light Cavalry
27:57 Scale Barding Armor
28:03 Forging
29:01 Fletching
32:11 Chain Barding Armor
33:58 Iron Casting
37:32 Imperial Age
37:56 Man-at-Arms
43:25 Chemistry
42:46 Ballistics
43:32 Chemistry
42:45 Fortified Wall
58:51 Farimba
64:46 Tigui
ALG1S
9:47 Feudal Age
13:45 Castle Age
12:07 Double-Bit Axe
12:07 Horse Collar
14:02 Wheelbarrow
14:48 Bow Saw
21:57 Loom
27:37 Forging
32:21 Imperial Age
30:29 Scale Barding Armor
30:36 Bloodlines
30:26 Husbandry
29:48 Light Cavalry
31:24 Iron Casting
31:45 Hand Cart
32:55 Chain Barding Armor
32:32 Gothikon
33:44 Gold Mining
34:38 Plate Barding Armor
35:05 Blast Furnace
34:10 Cavalier
35:58 Conscription
42:45 Squires
42:31 Arson
42:48 Scale Mail Armor
42:58 Stone Mining
45:07 Chain Mail Armor
44:14 Elite Varangian Guard
44:40 Gambesons
44:47 Fletching
44:29 Heavy Scorpion
47:22 Plate Mail Armor
47:25 Siege Engineers
47:41 Ballistics
48:21 Chemistry
61:57 Stone Shaft Mining
61:12 Town Watch
66:52 Pikeman
lukg
11:16 Feudal Age
15:11 Castle Age
13:12 Double-Bit Axe
13:31 Horse Collar
14:07 Gold Mining
19:46 Gambesons
20:16 Squires
20:23 Scale Mail Armor
21:54 Man-at-Arms
23:15 Heavy Plow
23:41 Fletching
25:02 Bow Saw
24:52 Pikeman
25:22 Arson
26:06 Bodkin Arrow
27:20 Wheelbarrow
26:30 Loom
27:25 Ballistics
29:02 Chain Mail Armor
29:35 Murder Holes
29:49 Long Swordsman
30:15 Gambesons
30:55 Forging
31:34 Stone Mining
34:14 Iron Casting
40:39 Imperial Age
41:07 Two-Handed Swordsman
42:26 Shield Wall
43:28 Conscription
44:20 Champion
45:37 Plate Mail Armor
45:09 Bracer
45:25 Shield Wall
46:25 Conscription
46:00 Champion
53:01 Two-Man Saw
52:36 Crop Rotation
70:11 Halberdier
dxdydz
10:15 Feudal Age
9:03 Loom
12:11 Double-Bit Axe
12:15 Horse Collar
16:20 Castle Age
17:31 Bow Saw
17:26 Heavy Plow
18:54 Wheelbarrow
21:24 Man-at-Arms
22:29 Forging
22:20 Scale Mail Armor
22:21 Loom
22:55 Long Swordsman
25:35 Hand Cart
25:59 Squires
27:16 Chain Mail Armor
31:29 Imperial Age
30:09 Iron Casting
31:06 Gold Mining
30:42 Elite Skirmisher
31:30 Two-Handed Swordsman
32:43 Plate Mail Armor
31:51 Capped Ram
32:25 Champion
33:14 Arson
36:43 Chemistry
41:56 Fortified Wall
45:39 Imperial Skirmisher
47:22 Crossbowman
48:00 Stone Mining
48:43 Crop Rotation
48:00 Town Watch
48:39 Bombard Tower
48:08 Arbalester
48:58 Town Patrol
50:17 Paper Money
52:21 Fletching
52:32 Padded Archer Armor
52:55 Thumb Ring
53:33 Bodkin Arrow
62:33 Light Cavalry
63:25 Bloodlines
65:08 Scale Barding Armor
65:05 Bracer
64:34 Pikeman
66:01 Chatras
Yojimbo
0:40 Loom
11:50 Feudal Age
12:31 Double-Bit Axe
12:29 Horse Collar
17:45 Castle Age
15:54 Fletching
18:36 Bow Saw
21:23 Crossbowman
26:25 Imperial Age
24:30 Gold Mining
26:03 Wheelbarrow
25:54 Heavy Plow
26:49 Ballistics
26:49 Bodkin Arrow
26:57 Padded Archer Armor
28:11 Stone Mining
28:11 Arbalester
28:56 Thumb Ring
28:55 Bracer
30:42 Hand Cart
33:24 Crop Rotation
34:01 Two-Man Saw
33:58 Thumb Ring
37:43 Chemistry
37:22 Conscription
36:49 Elite Plumed Archer
37:09 Pikeman
37:49 Squires
38:20 Scale Mail Armor
38:31 Forging
38:36 Leather Archer Armor
38:17 Town Watch
39:03 Halberdier
41:20 Chain Mail Armor
41:41 Iron Casting
42:02 Stone Shaft Mining
45:03 Plate Mail Armor
45:33 Blast Furnace
45:04 Ring Archer Armor
46:15 Eagle Warrior
46:41 Arson
48:03 Murder Holes
47:48 Treadmill Crane
48:18 Masonry
48:20 Fortified Wall
48:27 Town Patrol
51:14 Elite Eagle Warrior
53:33 Holcans
52:28 Capped Ram
56:20 Elite Plumed Archer
70:34 Elite Skirmisher
71:35 Imperial Skirmisher
WiBii5000
10:39 Feudal Age
14:33 Castle Age
15:18 Horse Collar
15:43 Loom
16:29 Sanctity
19:59 Gold Mining
22:20 Redemption
23:16 Fervor
23:07 Atonement
29:49 Wheelbarrow
29:02 Town Watch
31:57 Imperial Age
30:44 Scale Mail Armor
30:54 Forging
31:26 Town Patrol
30:56 Pikeman
31:37 Squires
32:58 Halberdier
34:08 Conscription
34:49 Chain Mail Armor
35:10 Iron Casting
38:09 Fortified Wall
38:33 Plate Mail Armor
39:29 Fletching
51:52 Block Printing
56:03 Scale Barding Armor
56:08 Husbandry
56:19 Bloodlines
57:32 Hand Cart
57:38 Chain Barding Armor
57:34 Elite Battle Elephant
60:22 Howdah
64:55 Light Cavalry
65:35 Hussar
Connection lost

Rejoining the realm…

Still unreachable

The connection could not be restored.

Session expired

The server has moved on; the page needs a fresh start.